[ AOE2 MATCH · #513710704 ]
UnrankedMaya vs Britons
Player's team · LOSS
Rival team · WIN
[ REPLAY ANALYSIS · EXTRACTED FROM THE RECORDED GAME ]
Feudal
12:44
Castle
19:34
Imperial
—
| APM avg | 66.0 |
| APM peak | 104 |
| eAPM avg | 30.1 |
| Villagers / military | 55 / 21 |
Focus
⚔️ 55.9% · 🌾 44.1%
Archer ×12 · Fishing Ship ×11 · Mangonel ×4 · Skirmisher ×4 · Battering Ram ×1
Feudal
11:16
Castle
23:52
Imperial
—
| APM avg | 75.2 |
| APM peak | 159 |
| eAPM avg | 26.1 |
| Villagers / military | 45 / 36 |
Focus
⚔️ 33.5% · 🌾 66.5%
Archer ×28 · Fishing Ship ×11 · Militia ×5 · Hulk ×2 · Fire Galley ×1
Match map
Initial resources + every placement click. Lines = walls · curves = elevation contours. ◆ gold · ⬟ stone · ● berries · ✦ relic · ◌ wall gap
Your base· Open — 5t gap
Sapfiros's base· ✓ Closed at 23:52 · 20t walls · 1 gate(s)
Smoothed initial terrain · ◌ = detected wall gap · hover for details
Inputs per minute
— Eli - - Sapfiros
Build order — Eli
139 actions detected in the replay
| 0:02 | Build | Town Center |
| 0:15 | Build | Dock |
| 0:17 | Build | House |
| 2:10 | Queue | Villager (Male) |
| 2:11 | Queue | Villager (Male) |
| 2:11 | Queue | Villager (Male) |
| 2:11 | Queue | Villager (Male) |
| 3:01 | Queue | Fishing Ship |
| 3:19 | Queue | Villager (Male) |
| 3:19 | Queue | Villager (Male) |
| 3:26 | Build | House |
| 3:49 | Research | Loom |
| 4:18 | Queue | Fishing Ship |
| 4:41 | Queue | Villager (Male) |
| 4:56 | Queue | Fishing Ship |
| 4:56 | Queue | Fishing Ship |
| 5:05 | Queue | Villager (Male) |
| 5:06 | Queue | Villager (Male) |
| 5:25 | Build | House |
| 5:34 | Queue | Villager (Male) |
| 5:52 | Queue | Villager (Male) |
| 5:52 | Queue | Villager (Male) |
| 6:05 | Build | House |
| 6:15 | Queue | Villager (Male) |
| 6:15 | Queue | Villager (Male) |
| 6:31 | Queue | Villager (Male) |
| 6:31 | Queue | Villager (Male) |
| 6:33 | Queue | Fishing Ship |
| 6:33 | Queue | Fishing Ship |
| 6:52 | Queue | Villager (Male) |
| 6:52 | Queue | Villager (Male) |
| 6:57 | Queue | Villager (Male) |
| 6:57 | Queue | Villager (Male) |
| 7:14 | Queue | Fishing Ship |
| 7:16 | Queue | Villager (Male) |
| 7:28 | Build | House |
| 7:31 | Queue | Villager (Male) |
| 7:34 | Queue | Villager (Male) |
| 7:46 | Queue | Villager (Male) |
| 7:46 | Queue | Villager (Male) |
| 8:06 | Queue | Fishing Ship |
| 8:06 | Queue | Fishing Ship |
| 8:09 | Queue | Villager (Male) |
| 8:11 | Queue | Villager (Male) |
| 8:12 | Queue | Villager (Male) |
| 8:37 | Queue | Fishing Ship |
| 8:37 | Queue | Fishing Ship |
| 9:12 | Build | House |
| 9:24 | Build | Mining Camp |
| 10:22 | Research | Feudal Age |
| 10:49 | Build | Palisade Wall |
| 10:52 | Build | Palisade Wall |
| 10:59 | Build | Palisade Wall |
| 11:01 | Build | Palisade Wall |
| 11:05 | Queue | Villager (Male) |
| 11:05 | Queue | Villager (Male) |
| 11:15 | Build | Barracks |
| 11:18 | Build | Barracks |
| 12:44 | Age | Feudal Age |
| 12:46 | Build | Archery Range |
| 12:47 | Research | Town Watch |
| 13:09 | Build | Palisade Wall |
| 13:17 | Build | Mining Camp |
| 13:24 | Build | House |
| 13:27 | Queue | Archer |
| 13:30 | Queue | Villager (Male) |
| 13:45 | Queue | Villager (Male) |
| 13:52 | Build | Palisade Wall |
| 13:57 | Build | Stone Wall |
| 14:00 | Queue | Archer |
| 14:01 | Queue | Villager (Male) |
| 14:05 | Build | Blacksmith |
| 14:16 | Queue | Archer |
| 14:34 | Queue | Villager (Male) |
| 14:41 | Queue | Archer |
| 14:44 | Build | Palisade Wall |
| 14:51 | Research | Fletching |
| 15:11 | Queue | Archer |
| 15:12 | Queue | Villager (Male) |
| 15:24 | Queue | Villager (Male) |
| 15:28 | Build | House |
| 15:40 | Queue | Villager (Male) |
| 16:05 | Build | Archery Range |
| 16:06 | Queue | Villager (Male) |
| 16:21 | Research | Padded Archer Armor |
| 16:21 | Research | Padded Archer Armor |
| 16:23 | Build | House |
| 16:35 | Queue | Villager (Male) |
| 16:45 | Research | Castle Age |
| 16:52 | Queue | Skirmisher |
| 16:52 | Queue | Skirmisher |
| 17:24 | Build | House |
| 17:28 | Queue | Villager (Male) |
| 17:29 | Queue | Skirmisher |
| 17:33 | Build | Watch Tower |
| 17:42 | Build | House |
| 17:44 | Queue | Skirmisher |
| 18:06 | Queue | Archer |
| 18:11 | Build | Blacksmith |
| 18:31 | Build | House |
| 18:34 | Queue | Archer |
| 18:43 | Build | Mill |
| 19:11 | Build | House |
| 19:24 | Build | Market |
| 19:31 | Queue | Archer |
| 19:34 | Age | Castle Age |
| 19:34 | Research | Crossbowman (upgrade) |
| 19:40 | Build | Siege Workshop |
| 19:56 | Queue | Villager (Male) |
| 20:43 | Queue | Mangonel |
| 20:46 | Queue | Villager (Male) |
| 20:57 | Research | Bodkin Arrow |
| 20:57 | Research | Bodkin Arrow |
| 21:12 | Queue | Archer |
| 21:23 | Queue | Villager (Male) |
| 21:24 | Queue | Villager (Male) |
| 21:35 | Queue | Mangonel |
| 22:10 | Build | Farm |
| 22:12 | Queue | Villager (Male) |
| 22:24 | Queue | Mangonel |
| 22:38 | Build | Farm |
| 22:40 | Queue | Villager (Male) |
| 22:40 | Queue | Villager (Male) |
| 23:05 | Queue | Villager (Male) |
| 23:05 | Queue | Villager (Male) |
| 23:07 | Build | Farm |
| 23:29 | Queue | Mangonel |
| 23:41 | Queue | Villager (Male) |
| 23:41 | Queue | Villager (Male) |
| 24:09 | Queue | Battering Ram |
| 24:13 | Queue | Villager (Male) |
| 24:13 | Queue | Villager (Male) |
| 24:26 | Build | Lumber Camp |
| 25:12 | Research | Double-Bit Axe |
| 25:12 | Queue | Villager (Male) |
| 25:31 | Queue | Archer |
| 25:33 | Queue | Archer |
| 25:34 | Queue | Archer |
| 25:48 | Queue | Villager (Male) |
Build order — Sapfiros
First 150 of 153 actions detected
| 0:02 | Build | Town Center |
| 1:16 | Build | Dock |
| 1:20 | Build | Dock |
| 1:22 | Build | House |
| 2:11 | Queue | Villager (Male) |
| 2:11 | Queue | Villager (Male) |
| 2:12 | Queue | Villager (Male) |
| 2:12 | Queue | Villager (Male) |
| 2:12 | Queue | Villager (Male) |
| 2:54 | Build | House |
| 3:41 | Queue | Fishing Ship |
| 3:55 | Queue | Villager (Male) |
| 3:56 | Queue | Villager (Male) |
| 4:03 | Build | House |
| 4:19 | Queue | Villager (Male) |
| 4:53 | Queue | Villager (Male) |
| 5:16 | Queue | Villager (Male) |
| 5:23 | Queue | Fishing Ship |
| 5:42 | Queue | Villager (Male) |
| 5:53 | Build | House |
| 6:00 | Queue | Villager (Male) |
| 6:10 | Queue | Villager (Male) |
| 6:18 | Queue | Fishing Ship |
| 6:48 | Queue | Villager (Male) |
| 6:49 | Queue | Villager (Male) |
| 7:27 | Build | House |
| 7:38 | Queue | Villager (Male) |
| 7:48 | Queue | Villager (Male) |
| 8:12 | Build | Barracks |
| 8:25 | Queue | Villager (Male) |
| 9:06 | Research | Feudal Age |
| 9:18 | Build | Mining Camp |
| 9:25 | Queue | Militia |
| 9:31 | Build | House |
| 9:33 | Build | Palisade Wall |
| 9:44 | Build | Palisade Wall |
| 9:44 | Build | Palisade Wall |
| 9:47 | Queue | Militia |
| 9:48 | Queue | Militia |
| 10:01 | Build | Palisade Wall |
| 10:11 | Queue | Militia |
| 10:20 | Research | Loom |
| 10:34 | Queue | Fishing Ship |
| 10:44 | Build | House |
| 10:59 | Queue | Militia |
| 11:16 | Age | Feudal Age |
| 11:19 | Research | Man-at-Arms (upgrade) |
| 11:22 | Build | Archery Range |
| 11:50 | Queue | Villager (Male) |
| 12:06 | Queue | Villager (Male) |
| 12:15 | Queue | Archer |
| 12:24 | Research | Arson |
| 12:38 | Build | House |
| 12:46 | Queue | Villager (Male) |
| 12:55 | Queue | Archer |
| 13:08 | Queue | Hulk |
| 13:21 | Queue | Villager (Male) |
| 13:25 | Build | Blacksmith |
| 13:25 | Queue | Villager (Male) |
| 13:41 | Queue | Villager (Male) |
| 13:50 | Queue | Villager (Male) |
| 13:56 | Queue | Fishing Ship |
| 14:01 | Queue | Archer |
| 14:01 | Queue | Archer |
| 14:06 | Research | Fletching |
| 14:06 | Research | Fletching |
| 14:18 | Queue | Villager (Male) |
| 14:36 | Queue | Villager (Male) |
| 14:38 | Build | House |
| 14:39 | Build | House |
| 14:42 | Build | Mill |
| 15:03 | Queue | Villager (Male) |
| 15:09 | Queue | Villager (Male) |
| 15:21 | Queue | Villager (Male) |
| 15:23 | Queue | Archer |
| 15:34 | Queue | Archer |
| 15:38 | Queue | Hulk |
| 16:04 | Queue | Villager (Male) |
| 16:06 | Queue | Archer |
| 16:35 | Queue | Archer |
| 16:39 | Queue | Villager (Male) |
| 16:40 | Build | Lumber Camp |
| 16:52 | Queue | Archer |
| 17:09 | Queue | Archer |
| 17:20 | Build | House |
| 17:20 | Build | House |
| 17:22 | Build | House |
| 17:28 | Queue | Archer |
| 17:38 | Queue | Archer |
| 17:45 | Build | Archery Range |
| 17:48 | Queue | Archer |
| 18:14 | Queue | Villager (Male) |
| 18:14 | Queue | Villager (Male) |
| 18:18 | Queue | Fire Galley |
| 18:34 | Build | Palisade Gate |
| 18:49 | Build | Dock |
| 18:53 | Build | Dock |
| 18:54 | Queue | Villager (Male) |
| 19:11 | Queue | Villager (Male) |
| 19:13 | Build | Farm |
| 19:13 | Build | Farm |
| 19:14 | Build | Farm |
| 19:14 | Build | Farm |
| 19:28 | Queue | Archer |
| 19:29 | Queue | Archer |
| 19:51 | Build | Watch Tower |
| 19:56 | Queue | Fishing Ship |
| 20:33 | Build | Market |
| 20:36 | Queue | Archer |
| 20:36 | Queue | Archer |
| 20:46 | Build | Stone Wall |
| 21:12 | Research | Castle Age |
| 21:14 | Queue | Archer |
| 21:14 | Queue | Archer |
| 21:25 | Build | Mining Camp |
| 21:31 | Build | Stone Wall |
| 21:32 | Build | Stone Wall |
| 21:37 | Build | Stone Wall |
| 21:39 | Build | Stone Wall |
| 21:52 | Queue | Villager (Male) |
| 21:52 | Queue | Villager (Male) |
| 22:16 | Queue | Fishing Ship |
| 22:16 | Queue | Fishing Ship |
| 22:19 | Queue | Fishing Ship |
| 22:25 | Build | Stone Wall |
| 22:35 | Queue | Archer |
| 22:36 | Queue | Archer |
| 22:49 | Queue | Villager (Male) |
| 22:52 | Research | Gold Mining |
| 23:01 | Queue | Fishing Ship |
| 23:29 | Research | Fishing Lines |
| 23:40 | Queue | Archer |
| 23:45 | Queue | Archer |
| 23:52 | Age | Castle Age |
| 23:52 | Research | Bodkin Arrow |
| 23:53 | Research | Crossbowman (upgrade) |
| 24:07 | Build | Farm |
| 24:07 | Build | Farm |
| 24:08 | Build | Farm |
| 24:08 | Build | Farm |
| 24:15 | Queue | Archer |
| 24:24 | Queue | Villager (Male) |
| 24:25 | Queue | Villager (Male) |
| 24:27 | Queue | Fishing Ship |
| 25:08 | Build | Siege Workshop |
| 25:21 | Queue | Villager (Male) |
| 25:23 | Queue | Villager (Male) |
| 25:31 | Queue | Villager (Male) |
| 25:41 | Queue | Archer |
| 25:42 | Queue | Archer |
Match timeline
| 0:15 | Eli · first_building Dock |
| 1:16 | Sapfiros · first_building Dock |
| 8:12 | Sapfiros · first_building Barracks |
| 9:33 | Sapfiros · wall_segment Palisade Wall x2 |
| 9:44 | Sapfiros · wall_segment Palisade Wall x1 |
| 9:44 | Sapfiros · wall_segment Palisade Wall x1 |
| 10:01 | Sapfiros · wall_segment Palisade Wall x7 |
| 10:49 | Eli · wall_segment Palisade Wall x1 |
| 10:52 | Eli · wall_segment Palisade Wall x1 |
| 10:59 | Eli · wall_segment Palisade Wall x1 |
| 11:01 | Eli · wall_segment Palisade Wall x1 |
| 11:15 | Eli · first_building Barracks |
| 11:16 | Sapfiros · age_up feudal |
| 11:22 | Sapfiros · first_building Archery Range |
| 12:44 | Eli · age_up feudal |
| 12:46 | Eli · first_building Archery Range |
| 13:09 | Eli · wall_segment Palisade Wall x7 |
| 13:52 | Eli · wall_segment Palisade Wall x3 |
| 13:57 | Eli · wall_segment Stone Wall x2 |
| 14:44 | Eli · wall_segment Palisade Wall x7 |
| 19:34 | Eli · age_up castle |
| 19:40 | Eli · first_building Siege Workshop |
| 20:46 | Sapfiros · wall_segment Stone Wall x3 |
| 20:55 | Sapfiros · first_market_buy 100 food |
| 21:31 | Sapfiros · wall_segment Stone Wall x4 |
| 21:32 | Sapfiros · wall_segment Stone Wall x1 |
| 21:37 | Sapfiros · wall_segment Stone Wall x1 |
| 21:39 | Sapfiros · wall_segment Stone Wall x3 |
| 22:25 | Sapfiros · wall_segment Stone Wall x1 |
| 23:52 | Sapfiros · age_up castle |
| 25:08 | Sapfiros · first_building Siege Workshop |
| 26:05 | Eli · resign |
[ AI ANALYSIS · 1 CREDIT ]
What really happened in this match?
Wolo.gg analyzes every decision: build order, eco, micro, common mistakes by bracket. Personalized analysis on WhatsApp or Discord in 30 seconds.
Civ guide
Maya
Perfil
Jugador #268051